 Dungeon Crawl Stone Soup version 0.25.1-1-g288607f5aa (webtiles) character file.

Game seed: 15951061714883043585

1787 Neferata the Reanimator (level 8, -8/56 HPs)
             Began as a Demonspawn Necromancer on July 21, 2020.
             Mangled by a wight
             ... wielding a cursed +0 flail
              (11 damage)
             ... on level 6 of the Dungeon on July 22, 2020.
             The game lasted 01:35:27 (12476 turns).

Neferata the Reanimator (Demonspawn Necromancer)   Turns: 12476, Time: 01:35:28

Health: -8/56      AC:  5    Str:  8    XL:     8   Next: 82%
Magic:  11/11      EV: 11    Int: 20    God:
Gold:   122        SH:  0    Dex: 13    Spells: 4/12 levels left

rFire    x . .     SeeInvis .   r - staff of cold
rCold    + + +     Gourm    .   (no shield)
rNeg     . . .     Faith    .   i - +0 leather armour
rPois    .         Spirit   .   (no helmet)
rElec    .         Reflect  .   (no cloak)
rCorr    .         Harm     .   (no gloves)
MR       .....                  (no boots)
Stlth    +.........             (no amulet)
HPRegen  0.18/turn              j - ring of ice
MPRegen  0.12/turn              (no ring)

@: heavily drained
A: iridescent scales 1, cold resistance 1, powered by pain 1
a: no special abilities


You were on level 6 of the Dungeon.
You were hungry.

You visited 1 branch of the dungeon, and saw 7 of its levels.

You collected 242 gold pieces.
You spent 120 gold pieces at shops.

Inventory:

Hand Weapons
 n - a +2 vampiric hand axe
Missiles
 g - 41 poisoned darts (quivered)
Armour
 a - a +0 robe
 i - a +0 leather armour (worn)
Magical Staves
 r - an uncursed staff of cold (weapon)
Jewellery
 j - a ring of ice (left hand)
Wands
 q - a wand of random effects (7)
Scrolls
 b - a scroll of teleportation
 d - 2 scrolls of enchant weapon {unknown}
 e - a scroll of enchant armour {unknown}
 f - 5 scrolls of identify
 k - 8 scrolls of remove curse
 o - 2 scrolls of fog {unknown}
 s - a scroll of amnesia
 v - a scroll of magic mapping
Potions
 h - a potion of berserk rage
 l - a potion of stabbing
 u - a potion of heal wounds {unknown}
Comestibles
 c - 5 rations


   Skills:
 + Level 2.3(0.1) Fighting
 + Level 2.3(0.1) Staves
 + Level 0.7(0.0) Throwing
 + Level 3.3(1.1) Armour
 + Level 3.9(1.6) Dodging
 + Level 3.5(1.3) Stealth
 - Level 2.5(0.3) Spellcasting
 + Level 10.0(7.4) Necromancy
 + Level 0.9(0.0) Evocations


You had 4 spell levels left.
You knew the following spells:

 Your Spells              Type           Power        Failure   Level  Hunger
a - Pain                  Necr           ####         1%          1    ##.....
b - Vampiric Draining     Necr           ####......   3%          3    ####...
c - Animate Dead          Necr           N/A          12%         4    #####..

Your spell library contained the following spells:

 Spells                   Type           Power        Failure   Level  Hunger
 Animate Skeleton         Necr           N/A          1%          1    ##.....
 Agony                    Necr           ####....     34%         5    ######.


Dungeon Overview and Level Annotations

Branches:
Dungeon (7/15)
 Temple: D:4-7

Altars:
Ashenzari
Elyvilon
Ru
Trog
Uskayaw
Zin

Shops:
D:4 ?


Innate Abilities, Weirdness & Mutations

You are partially covered in iridescent scales. (AC +2)
Your flesh is cold resistant. (rC+)
You sometimes gain a little power by taking damage.


Message History

Aim: a wight, wielding a +0 flail and wearing a +0 robe (almost destroyed)
The wight is unaffected.
The wight hits you with a +0 mace!
* * * LOW HITPOINT WARNING * * *
You feel better.
The wight disappears!
You barely miss the wight.
The wight is almost destroyed.
The wight closely misses you.
You hit the wight but do no damage.
The wight is almost destroyed.
The wight hits you with a cursed +0 flail!
* * * LOW HITPOINT WARNING * * *
You feel drained.
* * * LOW HITPOINT WARNING * * *
Aiming: Random Effects
Press: ? - help, Shift-Dir - straight line, f/p - wight
Aim: a wight, wielding a +0 flail and wearing a +0 robe (almost destroyed)
The wight flickers and vanishes!
Deactivating autopickup; reactivate with Ctrl-A.
Something hits you!
You die...

#.# #.##.# #(# #
#.# #.##.# #.# #
#.#####.##.# #.#
#..........# #(#
#.######...###.#
#.##....[.>.##.# #
#.##.###.##.##.###
## ######.##.#
#.##{##...# #.
......#...#
#.##@####.# #.
######.#### #.##.#
#.# #. # #.#
#.##.# #.# ## #
#.# #.##.####.# #
# #.# #.#.....#.#
# #.###
#.#.....#.# #
#...# #.#.....#.#
#
###.####.......#.#
# #.........#..#.#


There were no monsters in sight!

Vanquished Creatures
  Sigmund (D:3)
  Menkaure (D:6)
  A water moccasin (D:6)
  3 orc warriors (D:5)
  A centaur (D:6)
  2 ogres (D:6)
  2 scorpions
  2 wights
  A crimson imp (D:5)
  A hound (D:5)
  A bullfrog zombie (D:6)
  3 orc priests
  Terence (D:2)
  Jessica (D:2)
  A bullfrog skeleton (D:5)
  Ijyb (D:3)
  3 worker ants
  3 orc wizards
  A hound zombie (D:6)
  A hound skeleton (D:5)
  Robin (D:3)
  6 adders
  A howler monkey skeleton (D:4)
  An adder skeleton (D:4)
  3 worms (D:2)
  3 dart slugs
  3 leopard geckos
  17 orcs
  A ball python (D:1)
  5 giant cockroaches
  11 goblins
  9 hobgoblins
  6 jackals
  2 quokkas
  2 bats
  4 frilled lizards
  A jackal skeleton (D:4)
  14 kobolds
  A quokka skeleton (D:4)
  7 rats
129 creatures vanquished.

Vanquished Creatures (collateral kills)
  A centaur skeleton (D:5)
  An orc (D:5)
  3 jackals (D:5)
5 creatures vanquished.

Grand Total: 134 creatures vanquished

Notes
Turn   | Place    | Note
-------+----------+-------------------------------------------
     0 | D:1      | Neferata the Demonspawn Necromancer began the quest for the
                  | Orb.
     0 | D:1      | Reached XP level 1. HP: 13/13 MP: 3/3
   665 | D:1      | Gained mutation: You sometimes gain a little power by
                  | taking damage. [demonic ancestry]
   665 | D:1      | Reached XP level 2. HP: 18/19 MP: 1/5
   960 | D:1      | Reached skill level 5 in Necromancy
  1695 | D:2      | Reached XP level 3. HP: 19/24 MP: 1/6
  2013 | D:2      | Learned a level 3 spell: Vampiric Draining
  2517 | D:2      | Noticed Jessica
  2527 | D:2      | Killed Jessica
  2527 | D:2      | Gained mutation: Your flesh is cold resistant. (rC+)
                  | [demonic ancestry]
  2527 | D:2      | Reached XP level 4. HP: 29/31 MP: 3/7
  2895 | D:3      | Noticed Terence
  2948 | D:3      | Reached skill level 1 in Fighting
  3210 | D:3      | Reached skill level 6 in Necromancy
  3597 | D:3      | Reached XP level 5. HP: 35/37 MP: 4/8
  3599 | D:3      | Noticed Robin
  3746 | D:2      | Learned a level 4 spell: Animate Dead
  3878 | D:3      | Killed Robin
  3927 | D:2      | Killed Terence
  4163 | D:3      | Noticed Ijyb
  4178 | D:3      | Killed Ijyb
  4329 | D:3      | Noticed Sigmund
  4713 | D:3      | Found a white marble altar of Elyvilon.
  5374 | D:4      | Noticed a +0 hand axe
  5382 | D:4      | Noticed a +0 dagger
  5405 | D:4      | Reached skill level 1 in Armour
  5405 | D:4      | Reached skill level 7 in Necromancy
  5405 | D:4      | Reached XP level 6. HP: 38/43 MP: 5/9
  5419 | D:4      | Found a hide-covered altar of Uskayaw.
  5762 | D:4      | Found Osavel's Magic Scroll Emporium.
  5826 | D:4      | Bought a scroll of teleportation for 30 gold pieces
  6241 | D:4      | Found a bloodstained altar of Trog.
  6626 | D:4      | Found a shattered altar of Ashenzari.
  6749 | D:5      | Entered Level 5 of the Dungeon
  8231 | D:5      | Gained mutation: You are partially covered in iridescent
                  | scales. (AC +2) [demonic ancestry]
  8231 | D:5      | Reached XP level 7. HP: 35/48 MP: 3/10
  8463 | D:6      | Found Zin's Purification Station.
  8466 | D:6      | Found a glowing silver altar of Zin.
  8836 | D:6      | Reached skill level 8 in Necromancy
  8852 | D:5      | HP: 1/49 [orc wizard/+0 dagger (5)]
  9597 | D:3      | HP: 2/49 [something (5)]
  9942 | D:3      | Killed Sigmund
  9942 | D:3      | Reached XP level 8. HP: 51/56 MP: 6/11
 10428 | D:6      | Bought a potion of curing for 90 gold pieces
 10691 | D:6      | Reached skill level 9 in Necromancy
 11340 | D:6      | Noticed Menkaure
 11353 | D:6      | Killed Menkaure
 11353 | D:6      | Reached skill level 1 in Staves
 11791 | D:6      | Found a sacrificial altar of Ru.
 11801 | D:6      | Reached skill level 10 in Necromancy
 12476 | D:6      | Mangled by a wight

Illustrated notes

Levels and vault maps discovered:
D:1:      dpeg_arrival_arbitrary_c, layout_loops_corners, minmay_domino_2
D:2:      layout_basic, uniq_jessica
D:3:      minmay_recursive_quarters, layout_loops_ring, elyvilon_altar_3,
          corner_web_ring, serial_park_tiny_pond, kennysheep_path_1,
          uniq_sigmund, uniq_terence, uniq_robin, uniq_ijyb
D:4:      layout_loops_ring, dancing_weapons_uskayaw,
          lemuel_coloured_pillars_altar, first_ration, serial_shops,
          nicolae_shop_stone, trog_hazing_becter
D:5:      layout_basic
D:6:      layout_loops_ring, lemuel_round_altar, zin_purify, uniq_menkaure
D:7:      layout_cave_pods, minmay_temple_entry_poolview, serial_column_ruins,
          column_ruins_hut_water, column_ruins_circle_large,
          column_ruins_grid_2, column_ruins_columns_corner, column_ruins_grid_2,
          column_ruins_open_medium, column_ruins_columns_T, serial_shops,
          nicolae_shop_stone, uniq_harold, uniq_pikel

Skill      XL: |  1  2  3  4  5  6  7  8 |
---------------+-------------------------+-----
Necromancy     | 5 6 7 8 10 | 10.0
Stealth        | 2 3 |  3.5
Fighting       | 1 2 |  2.3
Armour         | 1 2 3 |  3.3
Dodging        | 2 3 |  3.9
Staves         | 2 |  2.3
Throwing       | |  0.7
Spellcasting   | |  2.5
Evocations     | |  0.9

Action                   |  1- 3 |  4- 6 |  7- 9 || total
-------------------------+-------+-------+-------++-------
Melee: Dagger            |     5 |       |       ||     5
       Hand axe          |       |    28 |       ||    28
       Staff             |       |    24 |    72 ||    96
Throw: Dart              |       |       |     6 ||     6
 Cast: Pain              |    60 |   125 |    81 ||   266
       Vampiric Draining |       |     6 |    17 ||    23
       Animate Dead      |       |     5 |       ||     5
Evoke: Wand              |       |     5 |    18 ||    23
  Use: Scroll            |       |    10 |     1 ||    11
       Potion            |       |     1 |     4 ||     5
 Stab: Distracted        |       |       |     1 ||     1
  Eat: Chunk             |     4 |     9 |     4 ||    17
       Ration            |       |     4 |     3 ||     7
Armor: Robe              |     1 |       |       ||     1
       Leather armour    |       |    24 |    33 ||    57
Dodge: Dodged            |    15 |    56 |   110 ||   181
